MLB
TORONTO BLUE JAYS @ ATLANTA BRAVES
07/11/2018
 
TOP OF THE 1ST
Toronto Blue Jays batting - Pitching for Atlanta Braves : RHP Brandon McCarthy
Pitching: RHP Brandon McCarthy
Batting: LHB Dee Gordon 0-0: Ball
1-0: Foul Ball, location: 2F
1-1: SINGLE (Line Drive, 9S)
Batting: RHB Keon Broxton 0-0: Ball
1-0: Ball
2-0: Ball
3-0: Base on Balls
Dee Gordon to second
Batting: RHB Andrew McCutchen 0-0: Called Strike
0-1: Ball
1-1: Ball
2-1: Fly out, F9 (Flyball, 89M)
Batting: SHB Josh Bell 0-0: Ball
1-0: Swinging Strike
1-1: Foul Ball, location: 2F
1-2: Foul Ball, location: 2F
1-2: Ball
2-2: Strikes out swinging
Batting: LHB Carlos Gonzalez 0-0: Foul Ball, location: 2F
0-1: Foul Ball, location: 2F
0-2: Ball
1-2: Fly out, F8 (Flyball, 89S)
Top of the 1st over - 0 runs, 1 hit, 0 errors, 2 left on base; Toronto 0 - Atlanta 0
BOTTOM OF THE 1ST
Atlanta Braves batting - Pitching for Toronto Blue Jays : RHP Jordan Lyles
Pitching: RHP Jordan Lyles
Batting: LHB Mallex Smith 0-0: Called Strike
0-1: Called Strike
0-2: Ball
1-2: Strikes out looking
Batting: SHB Leury Garcia 0-0: Swinging Strike
0-1: Foul Ball, location: 2F
0-2: Fly out, F4 (Flyball, 34D)
Batting: RHB Miguel Sano 0-0: Called Strike
0-1: Ball
1-1: Foul Ball, location: 2F
1-2: Ball
2-2: Ground out 5-3 (Groundball, 56)
Bottom of the 1st over - 0 runs, 0 hits, 0 errors, 0 left on base; Toronto 0 - Atlanta 0
TOP OF THE 2ND
Toronto Blue Jays batting - Pitching for Atlanta Braves : RHP Brandon McCarthy
Batting: RHB Nicholas Castellanos 0-0: Called Strike
0-1: Ball
1-1: SINGLE (Line Drive, 56D)
Batting: RHB Austin Hedges 0-0: Called Strike
0-1: Foul Ball, location: 2F
0-2: Strikes out swinging
Batting: RHB Dixon Machado 0-0: Foul Ball, location: 2F
0-1: Fly out, F5 (Popup, 5SF)
Batting: RHB Jordan Lyles 0-0: Ball
1-0: Fly out, F9 (Flyball, 9)
Top of the 2nd over - 0 runs, 1 hit, 0 errors, 1 left on base; Toronto 0 - Atlanta 0
BOTTOM OF THE 2ND
Atlanta Braves batting - Pitching for Toronto Blue Jays : RHP Jordan Lyles
Batting: LHB Greg Bird 0-0: Called Strike
0-1: Ball
1-1: Foul Ball, location: 2F
1-2: Ball
2-2: Fly out, F8 (Flyball, 78D)
Batting: LHB Jeremy Hazelbaker 0-0: Ball
1-0: Ball
2-0: Ball
3-0: Base on Balls
Batting: RHB Hunter Renfroe 0-0: Fly out, F3 (Popup, 3SF)
Batting: RHB Pat Valaika 0-0: Ball
1-0: Called Strike
1-1: Called Strike
1-2: Foul Ball, location: 2F
1-2: Ball
2-2: Ball
3-2: SINGLE (Groundball, 6D)
Jeremy Hazelbaker to second
Jeremy Hazelbaker to third
Batting: RHB Jorge Alfaro 0-0: Called Strike
0-1: Ball
1-1: SINGLE (Line Drive, 7LS)
Jeremy Hazelbaker scores
Pat Valaika to second
Batting: RHB Brandon McCarthy 0-0: Swinging Strike
0-1: Called Strike
0-2: Ball
1-2: Ball
2-2: Strikes out swinging
Bottom of the 2nd over - 1 run, 2 hits, 0 errors, 2 left on base; Toronto 0 - Atlanta 1
TOP OF THE 3RD
Toronto Blue Jays batting - Pitching for Atlanta Braves : RHP Brandon McCarthy
Batting: LHB Dee Gordon 0-0: Ball
1-0: Called Strike
1-1: Called Strike
1-2: SINGLE (Line Drive, 4M)
Batting: RHB Keon Broxton 0-0: Ball
1-0: Fly out, F8 (Line Drive, 8LD)
Batting: RHB Andrew McCutchen 0-0: Ball
1-0: Fly out, F8 (Flyball, 8RM)
Batting: SHB Josh Bell 0-0: Ball
1-0: Ball
2-0: Swinging Strike
2-1: Swinging Strike
2-2: Ball
3-2: Fly out, F4 (Popup, 34D)
Top of the 3rd over - 0 runs, 1 hit, 0 errors, 1 left on base; Toronto 0 - Atlanta 1
BOTTOM OF THE 3RD
Atlanta Braves batting - Pitching for Toronto Blue Jays : RHP Jordan Lyles
Batting: LHB Mallex Smith 0-0: Ball
1-0: Ball
2-0: Called Strike
2-1: Foul Ball, location: 2F
2-2: Ball
3-2: Foul Ball, location: 2F
3-2: Fly out, F8 (Line Drive, 8LM)
Batting: SHB Leury Garcia 0-0: Fly out, F8 (Flyball, 8LM)
Batting: RHB Miguel Sano 0-0: Ball
1-0: Foul Ball, location: 2F
1-1: Ball
2-1: Foul Ball, location: 2F
2-2: Fly out, F8 (Flyball, 8RD)
Bottom of the 3rd over - 0 runs, 0 hits, 0 errors, 0 left on base; Toronto 0 - Atlanta 1
TOP OF THE 4TH
Toronto Blue Jays batting - Pitching for Atlanta Braves : RHP Brandon McCarthy
Batting: LHB Carlos Gonzalez 0-0: Ball
1-0: Fly out, F8 (Flyball, 8RS)
Batting: RHB Nicholas Castellanos 0-0: Called Strike
0-1: Ball
1-1: Ground out 5-3 (Groundball, 5S)
Batting: RHB Austin Hedges 0-0: Fly out, F8 (Line Drive, 8LM)
Top of the 4th over - 0 runs, 0 hits, 0 errors, 0 left on base; Toronto 0 - Atlanta 1
BOTTOM OF THE 4TH
Atlanta Braves batting - Pitching for Toronto Blue Jays : RHP Jordan Lyles
Batting: LHB Greg Bird 0-0: Ball
1-0: Ball
2-0: SINGLE (Groundball, 4D)
Batting: LHB Jeremy Hazelbaker 0-0: Ball
1-0: Foul Ball, location: 2F
1-1: Ball
2-1: Ball
3-1: Swinging Strike
Pickoff Throw by Catcher to First - Out!
3-2: Base on Balls
Batting: RHB Hunter Renfroe 0-0: Ball
Jeremy Hazelbaker steals 2nd base
1-0: Foul Ball, location: 2F
1-1: Ball
2-1: Ground out 6-3 (Groundball, 56D)
Batting: RHB Pat Valaika 0-0: Called Strike
0-1: Fly out, F1 (Line Drive, P)
Bottom of the 4th over - 0 runs, 1 hit, 0 errors, 1 left on base; Toronto 0 - Atlanta 1
TOP OF THE 5TH
Toronto Blue Jays batting - Pitching for Atlanta Braves : RHP Brandon McCarthy
Batting: RHB Dixon Machado 0-0: Called Strike
0-1: Fly out, F8 (Flyball, 8RXD)
Batting: RHB Jordan Lyles 0-0: Foul Ball, location: 2F
0-1: Ground out 1-3 (Groundball, 15S)
Batting: LHB Dee Gordon 0-0: Ball
1-0: DOUBLE (Groundball, 3L)
Batting: RHB Keon Broxton 0-0: Called Strike
0-1: Foul Ball, location: 2F
0-2: Ball
1-2: Strikes out swinging
Top of the 5th over - 0 runs, 1 hit, 0 errors, 1 left on base; Toronto 0 - Atlanta 1
BOTTOM OF THE 5TH
Atlanta Braves batting - Pitching for Toronto Blue Jays : RHP Jordan Lyles
Batting: RHB Jorge Alfaro 0-0: Ball
1-0: Called Strike
1-1: Foul Ball, location: 2F
1-2: Ball
2-2: Hit by Pitch
Batting: RHB Brandon McCarthy 0-0: Bunt - Flyout to 15! F1
Batting: LHB Mallex Smith 0-0: Swinging Strike
0-1: Fly out, F8 (Flyball, 8RM)
Batting: SHB Leury Garcia 0-0: Ball
1-0: Ball
2-0: Foul Ball, location: 2F
2-1: Swinging Strike
2-2: Foul Ball, location: 2F
2-2: Ball
3-2: Strikes out swinging
Bottom of the 5th over - 0 runs, 0 hits, 0 errors, 1 left on base; Toronto 0 - Atlanta 1
TOP OF THE 6TH
Toronto Blue Jays batting - Pitching for Atlanta Braves : RHP Brandon McCarthy
Batting: RHB Andrew McCutchen 0-0: Swinging Strike
0-1: Ball
1-1: Ball
2-1: Ball
3-1: Foul Ball, location: 2F
3-2: Strikes out swinging
Batting: SHB Josh Bell 0-0: Called Strike
0-1: Foul Ball, location: 2F
0-2: Foul Ball, location: 2F
0-2: Ball
1-2: Ball
2-2: Ground out 6-3 (Groundball, 4M)
Batting: LHB Carlos Gonzalez 0-0: Ball
1-0: Ball
2-0: Called Strike
2-1: Foul Ball, location: 2F
2-2: Ball
3-2: Base on Balls
Batting: RHB Nicholas Castellanos 0-0: Called Strike
0-1: Ball
1-1: Foul Ball, location: 2F
1-2: Ball
2-2: Ball
3-2: Strikes out swinging
Top of the 6th over - 0 runs, 0 hits, 0 errors, 1 left on base; Toronto 0 - Atlanta 1
BOTTOM OF THE 6TH
Atlanta Braves batting - Pitching for Toronto Blue Jays : RHP Jordan Lyles
Pitching: RHP Emilio Pagan
Batting: RHB Miguel Sano 0-0: Ball
1-0: Ball
2-0: Called Strike
2-1: SINGLE (Line Drive, 9S)
Batting: LHB Greg Bird 0-0: Ball
1-0: Ball
2-0: Foul Ball, location: 2F
2-1: Swinging Strike
2-2: Strikes out swinging
Batting: LHB Jeremy Hazelbaker 0-0: Called Strike
0-1: Ball
1-1: Foul Ball, location: 2F
1-2: Ball
2-2: Foul Ball, location: 2F
2-2: Ball
3-2: Fly out, F7 (Flyball, 7D)
Batting: RHB Hunter Renfroe 0-0: Ball
1-0: Foul Ball, location: 2F
1-1: Called Strike
1-2: Strikes out swinging
Bottom of the 6th over - 0 runs, 1 hit, 0 errors, 1 left on base; Toronto 0 - Atlanta 1
TOP OF THE 7TH
Toronto Blue Jays batting - Pitching for Atlanta Braves : RHP Brandon McCarthy
Batting: RHB Austin Hedges 0-0: Ball
1-0: Called Strike
1-1: Fly out, F7 (Flyball, 7S)
Batting: RHB Dixon Machado 0-0: Called Strike
0-1: Ball
1-1: Ball
2-1: Swinging Strike
2-2: Foul Ball, location: 2F
2-2: Foul Ball, location: 2F
2-2: Foul Ball, location: 2F
2-2: Strikes out swinging
Pinch Hitting: SHB Billy Hamilton 0-0: Ball
1-0: Called Strike
1-1: Called Strike
1-2: Strikes out looking
Top of the 7th over - 0 runs, 0 hits, 0 errors, 0 left on base; Toronto 0 - Atlanta 1
BOTTOM OF THE 7TH
Atlanta Braves batting - Pitching for Toronto Blue Jays : RHP Emilio Pagan
Pitching: LHP Jake Diekman
Batting: RHB Pat Valaika 0-0: Ball
1-0: Called Strike
1-1: Foul Ball, location: 2F
1-2: Strikes out swinging
Batting: RHB Jorge Alfaro 0-0: Called Strike
0-1: Called Strike
0-2: SOLO HOME RUN (Flyball, 9D), Distance : 367 ft
Batting: RHB Brandon McCarthy 0-0: Ball
1-0: Foul Ball, location: 2F
1-1: Ball
2-1: Swinging Strike
2-2: Ball
3-2: Strikes out looking
Batting: LHB Mallex Smith 0-0: SINGLE (Line Drive, 9S)
Batting: SHB Leury Garcia 0-0: Ball
Pickoff Throw to First - Error! E1
Mallex Smith to second
1-0: Foul Ball, location: 2F
1-1: Ball
2-1: Ball
3-1: Base on Balls
Batting: RHB Miguel Sano 0-0: Called Strike
0-1: Ball
1-1: Ball
2-1: Called Strike
2-2: Strikes out looking
Bottom of the 7th over - 1 run, 2 hits, 1 error, 2 left on base; Toronto 0 - Atlanta 2
TOP OF THE 8TH
Toronto Blue Jays batting - Pitching for Atlanta Braves : RHP Brandon McCarthy
Pitching: RHP Michael Lorenzen
Batting: LHB Dee Gordon 0-0: SINGLE (Line Drive, 78S)
Batting: RHB Keon Broxton 0-0: Swinging Strike
0-1: Swinging Strike
0-2: Ball
1-2: Ball
2-2: Foul Ball, location: 2F
2-2: Strikes out swinging
Batting: RHB Andrew McCutchen 0-0: Ball
1-0: Foul Ball, location: 2F
1-1: Called Strike
1-2: Ball
2-2: Foul Ball, location: 2F
2-2: Strikes out looking
Batting: SHB Josh Bell 0-0: Ball
1-0: Called Strike
1-1: Ball
2-1: Ball
3-1: Foul Ball, location: 2F
3-2: Base on Balls
Dee Gordon to second
Batting: LHB Carlos Gonzalez 0-0: Called Strike
0-1: Called Strike
0-2: Strikes out looking
Top of the 8th over - 0 runs, 1 hit, 0 errors, 2 left on base; Toronto 0 - Atlanta 2
BOTTOM OF THE 8TH
Atlanta Braves batting - Pitching for Toronto Blue Jays : LHP Jake Diekman
Pitching: RHP Dellin Betances
Batting: LHB Greg Bird 0-0: Ball
1-0: Ball
2-0: Foul Ball, location: 2F
2-1: Foul Ball, location: 2F
2-2: Ball
3-2: Foul Ball, location: 2F
3-2: Ground out 6-3 (Groundball, 6M)
Batting: LHB Jeremy Hazelbaker 0-0: Ball
1-0: Ball
2-0: Foul Ball, location: 2F
2-1: Called Strike
2-2: Ground out 2-3 (Groundball, 15S)
Batting: RHB Hunter Renfroe 0-0: Fly out, F7 (Flyball, 78M)
Bottom of the 8th over - 0 runs, 0 hits, 0 errors, 0 left on base; Toronto 0 - Atlanta 2
TOP OF THE 9TH
Toronto Blue Jays batting - Pitching for Atlanta Braves : RHP Michael Lorenzen
Pitching: RHP Gregory Infante
Now in RF: Ben Gamel
Batting: RHB Nicholas Castellanos 0-0: Foul Ball, location: 2F
0-1: Called Strike
0-2: Ball
1-2: Ball
2-2: Fly out, F4 (Line Drive, 4)
Batting: RHB Austin Hedges 0-0: Ball
1-0: Ball
2-0: Foul Ball, location: 2F
2-1: Called Strike
2-2: Ball
3-2: Base on Balls
Batting: RHB Dixon Machado 0-0: Swinging Strike
0-1: Swinging Strike
0-2: Ball
1-2: Foul Ball, location: 2F
1-2: Foul Ball, location: 2F
1-2: Strikes out swinging
Pinch Hitting: RHB Jorge Soler 0-0: Called Strike
0-1: Called Strike
0-2: Foul Ball, location: 2F
0-2: Strikes out swinging
Top of the 9th over - 0 runs, 0 hits, 0 errors, 1 left on base; Toronto 0 - Atlanta 2
Tuesday, September 18th, 2018 - OOTP Baseball 19.8 Build 79